 Dungeon Crawl Stone Soup version 0.29.1-12-g30fa7ad0bf (webtiles) character file.

Game seed: 14776274740412379287

68 safid the Shooter (level 4, -1/40 HPs)
             Began as a Minotaur Hunter on Dec 20, 2022.
             Slain by a gnoll
             ... wielding a +0 flail
              (5 damage)
             ... on level 2 of the Dungeon.
             The game lasted 00:01:32 (1092 turns).

safid the Shooter (Minotaur Hunter)                 Turns: 1092, Time: 00:01:32

Health: -1/40      AC:  3    Str: 16    XL:     4   Next: 1%
Magic:  3/3        EV: 12    Int:  6    God:
Gold:   72         SH:  0    Dex: 15    Spells: 3/3 levels left

rFire   . . .      SeeInvis .   a - +0 shortbow
rCold   . . .      Faith    .   (shield currently unavailable)
rNeg    . . .      Spirit   .   c - +0 leather armour
rPois   .          Reflect  .   (helmet restricted)
rElec   .          Harm     .   (no cloak)
rCorr   .          Rampage  .   (no gloves)
Will    .....                   (no boots)
Stlth   +.........              (no amulet)
HPRegen 0.13/turn               (no ring)
MPRegen 0.08/turn               (no ring)

@: no status effects
A: horns 2, retaliatory headbutt
a: no special abilities


You were on level 2 of the Dungeon.
You visited 1 branch of the dungeon, and saw 2 of its levels.

You collected 72 gold pieces.

Inventory:

Hand Weapons
 a - a +0 shortbow (weapon)
Armour
 c - a +0 leather armour (worn)
Scrolls
 b - a scroll of immolation
 d - a scroll of silence {unknown}
 f - 3 scrolls of teleportation {unknown}
 g - 2 scrolls of identify {unknown}
 j - a scroll of brand weapon {unknown}
 k - a scroll of blinking {unknown}
Potions
 e - 2 potions of curing {unknown}
 h - a potion of berserk rage {unknown}
 i - a potion of attraction {unknown}
 l - a potion of mutation {unknown}


   Skills:
 + Level 4.0 Fighting
 + Level 5.3 Ranged Weapons
 - Level 2.1 Dodging
 - Level 0.7 Stealth


You had 3 spell levels left.
You didn't know any spells.
Your spell library contained the following spells:

 Spells                   Type           Power      Damage    Failure   Level
 Call Canine Familiar     Summ           0%         N/A       88%         3
 Portal Projectile        Hex/Tloc       0%         N/A       88%         3
 Leda's Liquefaction      Hex/Erth       0%         N/A       99%         4


Dungeon Overview and Level Annotations

Branches:
Dungeon (2/15)

Altars:


Innate Abilities, Weirdness & Mutations

You have a pair of horns on your head.
You reflexively headbutt those who attack you in melee.


Message History

The gnoll barely misses you.
You shoot an arrow. The gnoll shouts!
The arrow hits the gnoll.
The gnoll is severely wounded.
The gnoll hits you from afar with a +0 spear!
You shoot an arrow. The arrow hits the gnoll.
You kill the gnoll!
Your Fighting skill increases to level 4!
You have reached level 4!
You feel stronger.
Fire: a) +0 shortbow
Press: ? - help, Q - select action Shift-Dir - straight line, f - gnoll
Aim: a gnoll, wielding a +0 flail (heavily wounded, 66% to hit)
You shoot an arrow. The arrow barely misses the gnoll.
The arrow hits the gnoll but does no damage.
The gnoll hits you with a +0 flail.
Fire: a) +0 shortbow
Press: ? - help, Q - select action Shift-Dir - straight line, f/p - gnoll
Aim: a gnoll, wielding a +0 flail (heavily wounded, 66% to hit)
You shoot an arrow. The arrow hits the gnoll.
The gnoll is severely wounded.
The gnoll hits you with a +0 flail.
Unknown command.
Fire: a) +0 shortbow
Press: ? - help, Q - select action Shift-Dir - straight line, f/p - gnoll
Aim: a gnoll, wielding a +0 flail (severely wounded, 66% to hit)
You shoot an arrow.
The arrow hits the gnoll but does no damage.
The gnoll is severely wounded.
The gnoll hits you with a +0 flail!
* * * LOW HITPOINT WARNING * * *
Unknown command.
Fire: a) +0 shortbow
Press: ? - help, Q - select action Shift-Dir - straight line, f/p - gnoll
Aim: a gnoll, wielding a +0 flail (severely wounded, 66% to hit)
You shoot an arrow. The arrow hits the gnoll.
The gnoll is almost dead.
The gnoll hits you with a +0 flail.
You die...

#.# #.############## #.#
#..............#
#.##########........#
#.........##........# #####
#########.##........# #....
.... #.####....#######..##
..... #.# #....###......# #
......#.####...†'........#
+
......')gg@.>...###.####.##
# . ......#.####..###
#........ + .. .....
#.####..# #..).#.## #..
..g. #.......#####......#
..... ..#
#####.......####.### .....
. +.......'....# ....
#####.......###### ..#
..........### .#
..........#


You could see 2 gnolls.

Vanquished Creatures
  2 gnolls (D:2)
  An ufetubus (D:2)
  A worm (D:2)
  A dart slug (D:1)
  4 endoplasms
  2 giant cockroaches (D:2)
  5 goblins
  A hobgoblin (D:1)
  5 quokkas
  3 ball pythons
  4 bats
  A frilled lizard (D:2)
  5 kobolds
  4 rats (D:1)
39 creatures vanquished.

Notes
Turn   | Place    | Note
-------+----------+-------------------------------------------
     0 | D:1      | safid the Minotaur Hunter began the quest for the Orb.
     0 | D:1      | Reached XP level 1. HP: 18/18 MP: 0/0
   100 | D:1      | Reached XP level 2. HP: 25/25 MP: 1/1
   574 | D:2      | Reached skill level 5 in Ranged Weapons
   574 | D:2      | Reached XP level 3. HP: 28/31 MP: 2/2
  1089 | D:2      | Reached XP level 4. HP: 22/40 MP: 3/3
  1092 | D:2      | Slain by a gnoll

Illustrated notes

Levels and vault maps discovered:
D:1:      saegor_arrival_miasma, layout_rooms, minmay_misc_feat_alley
D:2:      layout_basic

Skill      XL: |  1  2  3 |
---------------+----------+-----
Fighting       | 3 4 |  4.0
Ranged Weapons | 5 |  5.3
Dodging        | |  2.1
Stealth        | |  0.7

Action                   |  1- 3 |  4- 6 || total
-------------------------+-------+-------++-------
 Fire: Shortbow          |    93 |     4 ||    97
Armor: Leather armour    |     3 |       ||     3
Dodge: Dodged            |    17 |       ||    17
